 Dungeon Crawl Stone Soup version 0.31-a0-1005-gfbdfbacc72 (webtiles) character file.

Game seed: 11411015241430962322

12227713 CrazyBamboolord the Ninja (level 27, 261/261 HPs)
             Began as an Octopode Shapeshifter on Nov 9, 2023.
             Was the Champion of Cheibriados.
             Escaped with the Orb
             ... and 13 runes on Nov 11, 2023!
             The game lasted 05:14:08 (98700 turns).

CrazyBamboolord the Ninja (Octopode Shapeshifter)  Turns: 98700, Time: 05:14:08

Health: 261/261    AC: 41    Str: 55    XL:     27
Magic:  46/46      EV: 55    Int: 35    God:    Cheibriados [******]
Gold:   2402       SH: 43    Dex: 41    Spells: 41/41 levels left

rFire   + +          +
                       - Unarmed
rCold   + + +        I - +10 tower shield of Ignorance {rN+ Int-4}
rNeg    + + +        Q - +3 hat of Pondering {ponderous, Will+ MP+10 Int+5}
rPois   ∞            p - amulet of reflection
rElec   +            M - ring "Harchor" {Str+6 Stlth+}
rCorr   +            y - ring "Myonk" {rC+ Will+ Str+5 Slay-3}
SInv    +            n - ring of Xom's Full Attention {rPois MP+9 Str+4 Dex+3 Slay+2}
Will    +++++        J - ring of the Thirsty Servitors {rC+ Int+3}
Stlth   +++++        T - ring of resist corrosion
HPRegen 0.63/turn    a - ring of Duag {rN+ Slay+2 SInv}
MPRegen 0.30/turn    h - ring "Dinuerule" {rF+ Str+2 Int+6}
                     g - ring "Nadaisk" {rF+ Will+}

%: reflection
@: statue-form, studying 3 skills, very slow
A: slow and powerful, torment resistance 1, boosted hp, almost no armour,
amphibious, 8 rings, camouflage 1, (gelatinous body 1), (nimble swimmer 1),
tentacles, cold resistance 1, deterioration 2, dopey 1, frail 1, low MP 2,
screaming 1, inability to drink after injury 1, inability to read after injury 1
0: Orb of Zot
}: 13/15 runes: serpentine, barnacled, slimy, silver, iron, obsidian, bone,
abyssal, demonic, glowing, magical, fiery, dark
a: Begin Untransformation, Renounce Religion, Bend Time, Temporal Distortion,
Slouch, Step From Time


You escaped.
You worshipped Cheibriados.
Cheibriados was exalted by your worship.
You were a living statue of rough stone.
You visited 17 branches of the dungeon, and saw 80 of its levels.
You visited Pandemonium 3 times, and saw 12 of its levels.
You visited the Abyss 2 times.
You also visited: Sewer, Ossuary, Ice Cave and Volcano.

You collected 16384 gold pieces.
You spent 13982 gold pieces at shops.

Inventory:

Hand Weapons
 k - the +6 sword of Cerebov {flame}
   (You took it off Cerebov in Pandemonium)
Missiles
 i - 8 silver javelins (quivered)
 B - 14 throwing nets
Armour
 I - the +10 tower shield of Ignorance (worn) {rN+ Int-4}
   (You found it on level 1 of the Orcish Mines)

   Int-4:     It affects your intelligence (-4).
   rN+:       It protects you from negative energy.
 Q - the +3 hat of Pondering (worn) {ponderous, Will+ MP+10 Int+5}
   (You found it on level 3 of the Crypt)

   Int+5:     It affects your intelligence (+5).
   Will+:     It increases your willpower.
   MP+10:     It affects your magic capacity (+10).
Jewellery
 a - the ring of Duag (on tentacle) {rN+ Slay+2 SInv}
   (You found it on level 5 of the Pits of Slime)

   [ring of see invisible]

   Slay+2:    It affects your accuracy & damage with ranged weapons and melee
   (+2).
   rN+:       It protects you from negative energy.
   SInv:      It lets you see invisible.
 g - the ring "Nadaisk" (on tentacle) {rF+ Will+}
   (You found it in Pandemonium)

   [ring of willpower]

   rF+:       It protects you from fire.
   Will+:     It increases your willpower.
 h - the ring "Dinuerule" (on tentacle) {rF+ Str+2 Int+6}
   (You took it off an efreet in Pandemonium)

   [ring of intelligence]

   Str+2:     It affects your strength (+2).
   Int+6:     It affects your intelligence (+6).
   rF+:       It protects you from fire.
 n - the ring of Xom's Full Attention (on tentacle) {rPois MP+9 Str+4 Dex+3 Slay+2}
   (You found it on level 3 of the Vaults)

   [ring of magical power]

   Str+4:     It affects your strength (+4).
   Dex+3:     It affects your dexterity (+3).
   Slay+2:    It affects your accuracy & damage with ranged weapons and melee
   (+2).
   rPois:     It protects you from poison MP+9: It affects your magic capacity
   (+9).
 o - the ring "Naeg" {Fly rElec rN+ Int-4 Dex+4}
   (You took it off a deep elf pyromancer on level 3 of the Elven Halls)

   [ring of flight]

   Int-4:     It affects your intelligence (-4).
   Dex+4:     It affects your dexterity (+4).
   rElec:     It insulates you from electricity.
   rN+:       It protects you from negative energy.
   Fly:       It grants you flight.
 p - an amulet of reflection (around mantle)
 r - the ring of Limodauh {Wiz rN+ Str+6}
   (You found it in Pandemonium)

   [ring of wizardry]

   Wiz:       It improves your spell success rate.
   Str+6:     It affects your strength (+6).
   rN+:       It protects you from negative energy.
 y - the ring "Myonk" (right tentacle) {rC+ Will+ Str+5 Slay-3}
   (You found it in an ice cave)

   [ring of protection from cold]

   Str+5:     It affects your strength (+5).
   Slay-3:    It affects your accuracy & damage with ranged weapons and melee
   (-3).
   rC+:       It protects you from cold.
   Will+:     It increases your willpower.
 J - the ring of the Thirsty Servitors (on tentacle) {rC+ Int+3}
   (You took it off an ironbound preserver on level 5 of the Vaults)

   [ring of protection from cold]

   Int+3:     It affects your intelligence (+3).
   rC+:       It protects you from cold.
 M - the ring "Harchor" (left tentacle) {Str+6 Stlth+}
   (You took it off an ogre mage on level 5 of the Vaults)

   [ring of strength]

   Str+6:     It affects your strength (+6).
   Stlth+:    It makes you more stealthy.
 T - a ring of resist corrosion (on tentacle)
Talismans
 W - the granite talisman of the Wilderness (active) {rF+ Dex+7}
   (You found it on level 5 of the Pits of Slime)

   [granite talisman]

   Dex+7:     It affects your dexterity (+7).
   rF+:       It protects you from fire.
Wands
 b - a wand of charming (97)
 D - a wand of acid (56)
 G - a wand of roots (75)
 O - a wand of polymorph (12)
 P - a wand of mindburst (66)
 S - a wand of digging (15)
Scrolls
 e - 12 scrolls of poison
 q - 6 scrolls of torment
 s - 5 scrolls of revelation
 t - 7 scrolls of blinking
 u - 3 scrolls of vulnerability
 A - 11 scrolls of teleportation
 N - 18 scrolls of immolation
 R - 2 scrolls of summoning
 U - 5 scrolls of silence
 V - 6 scrolls of fog
 X - 6 scrolls of fear
 Z - a scroll of enchant armour
Potions
 c - 9 potions of berserk rage
 d - 5 potions of cancellation
 j - a potion of resistance
 m - 14 potions of enlightenment
 w - 8 potions of heal wounds
 x - 25 potions of curing
 z - 10 potions of invisibility
 C - a potion of lignification
 F - 15 potions of ambrosia
 H - 7 potions of attraction
 K - 7 potions of magic
 L - 5 potions of might
Miscellaneous
 f - the horn of Geryon
 l - a condenser vane
 v - a lightning rod (4/4)
 E - a sack of spiders
 Y - a phantom mirror


   Skills:
 O Level 27 Fighting
 - Level 19.0 Throwing
 O Level 27 Dodging
 O Level 27 Stealth
 - Level 18.0 Shields
 O Level 27 Unarmed Combat
 + Level 7.8 Spellcasting
 + Level 8.4 Fire Magic
 + Level 14.9 Invocations
 O Level 27 Evocations
 - Level 25.0 Shapeshifting


You had 41 spell levels left.
You didn't know any spells.
Your spell library contained the following spells:

 Spells                   Type           Power      Damage    Failure   Level
 Inner Flame              Hex/Fire       43%        N/A       2%          3
 Volatile Blastmotes      Fire/Tloc      86%        2d17      2%          3
 Apportation              Tloc           26%        N/A       4%          1
 Freeze                   Ice            52%        1d6       4%          1
 Kiss of Death            Conj/Necr      52%        2d9       4%          1
 Magic Dart               Conj           52%        1d5       4%          1
 Shock                    Conj/Air       52%        1d6       4%          1
 Slow                     Hex            52%        N/A       4%          1
 Ignite Poison            Fire/Tmut/Pois 33%        N/A       4%          3
 Call Imp                 Summ           26%        N/A       6%          2
 Cigotuvi's Dreadful Rot  Necr/Pois/Air  26%        N/A       6%          2
 Ensorcelled Hibernation  Hex/Ice        26%        N/A       6%          2
 Jinxbite                 Hex            26%        N/A       6%          2
 Momentum Strike          Conj/Tloc      26%        3d8       6%          2
 Passwall                 Tmut/Erth      10%        N/A       6%          2
 Poisonous Vapours        Pois/Air       26%        N/A       6%          2
 Wereblood                Tmut           13%        N/A       6%          2
 Flame Wave               Conj/Fire      43%        2d11      8%          4
 Sticky Flame             Conj/Fire      43%        2d6       8%          4
 Call Canine Familiar     Summ           13%        N/A       13%         3
 Confusing Touch          Hex            13%        N/A       13%         3
 Dazzling Flash           Conj/Hex       26%        N/A       13%         3
 Frozen Ramparts          Ice            26%        1d4       13%         3
 Hailstorm                Conj/Ice       13%        3d5       13%         3
 Mephitic Cloud           Conj/Pois/Air  13%        N/A       13%         3
 Ozocubu's Armour         Ice            13%        N/A       13%         3
 Sigil of Binding         Hex            13%        N/A       13%         3
 Summon Guardian Golem    Hex/Summ       13%        N/A       13%         3
 Swiftness                Air            13%        N/A       13%         3
 Tukima's Dance           Hex            13%        N/A       13%         3
 Vampiric Draining        Necr           13%        2d6       13%         3
 Fireball                 Conj/Fire      21%        3d10      21%         5
 Airstrike                Air            6%         2d(1-17)  38%         4
 Anguish                  Hex/Necr       6%         N/A       38%         4
 Animate Dead             Necr           13%        N/A       38%         4
 Brom's Barrelling Bould  Conj/Erth      13%        2d4       38%         4
 Cause Fear               Hex            6%         N/A       38%         4
 Dimensional Bullseye     Hex/Tloc       6%         N/A       38%         4
 Dispel Undead            Necr           13%        3d9       38%         4
 Fulminant Prism          Conj/Hex       6%         3d7       38%         4
 Iskenderun's Mystic Bla  Conj/Tloc      13%        2d5       38%         4
 Leda's Liquefaction      Hex/Erth       6%         N/A       38%         4
 Manifold Assault         Tloc           13%        N/A       38%         4
 Olgreb's Toxic Radiance  Pois           13%        N/A       38%         4
 Passage of Golubria      Tloc           13%        N/A       38%         4
 Petrify                  Tmut/Erth      13%        N/A       38%         4
 Summon Ice Beast         Ice/Summ       13%        N/A       38%         4
 Summon Lightning Spire   Summ/Air       13%        N/A       38%         4
 Vhi's Electric Charge    Tloc/Air       26%        N/A       38%         4
 Agony                    Necr           13%        N/A       75%         5
 Alistair's Intoxication  Tmut/Pois      8%         N/A       75%         5
 Arcjolt                  Conj/Air       6%         1d16      75%         5
 Borgnjor's Vile Clutch   Necr/Erth      6%         N/A       75%         5
 Freezing Cloud           Conj/Ice/Air   6%         6-21      75%         5
 Irradiate                Conj/Tmut      6%         3d13      75%         5
 Iskenderun's Battlesphe  Conj           13%        2d7       75%         5
 Lee's Rapid Deconstruct  Erth           6%         3d6*      75%         5
 Metabolic Englaciation   Hex/Ice        6%         N/A       75%         5
 Silence                  Hex/Air        6%         N/A       75%         5
 Summon Forest            Summ/Tloc      6%         N/A       75%         5
 Summon Mana Viper        Hex/Summ       13%        N/A       75%         5
 Yara's Violent Unravell  Hex/Tmut       6%         3d5       75%         5
 Plasma Beam              Fire/Air       21%        2x1d33    75%         6
 Starburst                Conj/Fire      21%        6d7       75%         6
 Bombard                  Conj/Erth      6%         9d2       100%        6
 Conjure Ball Lightning   Conj/Air       6%         3x3d6     100%        6
 Death Channel            Necr           6%         N/A       100%        6
 Dispersal                Tloc           6%         N/A       100%        6
 Eringya's Noxious Bog    Tmut/Pois      6%         4d6       100%        6
 Simulacrum               Ice/Necr       6%         N/A       100%        6
 Summon Cactus Giant      Summ           6%         N/A       100%        6
 Enfeeble                 Hex            6%         N/A       100%        7
 Haunt                    Necr/Summ      6%         N/A       100%        7
 Orb of Destruction       Conj           6%         9d6       100%        7
 Borgnjor's Revivificati  Necr           6%         N/A       100%        8
 Discord                  Hex            6%         N/A       100%        8
 Disjunction              Tloc           6%         N/A       100%        8
 Ignition                 Fire           32%        3d10      100%        8
 Lehudib's Crystal Spear  Conj/Erth      6%         10d3      100%        8
 Maxwell's Capacitive Co  Air            6%         ∞         100%        8
 Death's Door             Necr           6%         N/A       100%        9
 Sublimation of Blood     Necr           Unusable   N/A       N/A         2

Dungeon Overview and Level Annotations

Branches:
Dungeon (15/15)            Temple (1/1) D:4            Lair (5/5) D:10
 Shoals (4/4) Lair:3        Snake (4/4) Lair:2        Slime (5/5) Lair:5
    Orc (2/2) D:12            Elf (3/3) Orc:2        Vaults (5/5) D:14
  Crypt (3/3) Vaults:2       Tomb (0/3) Crypt:3      Depths (4/4) D:15
   Hell (visited)             Dis (7/7) Hell            Geh (7/7) Hell
    Coc (2/7) Hell            Tar (7/7) Hell            Zot (5/5) Depths:4
  Sewer (visited)         Ossuary (visited)           IceCv (visited)
Volcano (visited)

Altars:
Ashenzari
Cheibriados
Dithmenos
Elyvilon
Fedhas
Gozag
Hepliaklqana
Kikubaaqudgha
Makhleb
Nemelex Xobeh
Okawaru
Qazlal
Ru
Sif Muna
Trog
Uskayaw
Vehumet
Wu Jian
Xom
Yredelemnul
Zin
The Shining One
Jiyva
Lugonu

Shops:
D:4 !   D:8 :   Orc:2 [!:*   Elf:3 ?!?[*   Shoals:1 !   Snake:1 *(
Vaults:5 ??   Depths:1 *   Depths:3 (=::   Depths:4 !(

Portals:
Hell: Depths:2 Depths:3 Depths:4
Abyss: Depths:1 Depths:3 Depths:4
Pandemonium: Orc:2 Depths:1 Depths:2 Depths:3
Ziggurat: Depths:3


Innate Abilities, Weirdness & Mutations

You are a living statue of rough stone.
Your actions are slow, but your melee attacks are powerful.
You are resistant to unholy torment.
Your maximum health is greatly increased.
You cannot wear most types of armour.
You are amphibious.
You can wear up to eight rings at the same time.
You are immune to poison.
Your skin changes colour to match your surroundings (Stealth+).
((Your rubbery body absorbs attacks. (AC +1, EV +1)))
((You are camouflaged when in or above water. (Stealth+)))
You have tentacles for arms and can constrict up to eight enemies at once.
Your flesh is cold resistant. (rC+)
Your body often deteriorates upon taking damage.
You are dopey. (Int -2)
You are frail. (-10% HP)
Your magical capacity is very low. (-20% MP)
You occasionally shout uncontrollably at your foes.
You occasionally lose the ability to drink potions when taking damage.
You occasionally lose the ability to read scrolls when taking damage.


Message History

You thrash the Orb Guardian!!!!
You kill the Orb Guardian!
Cheibriados thoroughly appreciates the change of pace.
No target in view!
There is a staircase leading out of the dungeon here.
You start waiting.
A balrug comes into view. It is wielding a +0 demon whip.
A balrug is nearby! 2 sun demons come into view.
You block the balrug's attack.
You thrash the balrug!!! You squeeze the balrug!
You kill the balrug!
Cheibriados appreciates the change of pace.
You block the sun demon's attack. x4; The sun demon completely misses you. x2
The sun demon barely misses you.
Items here: )) [[.
Unknown command.
You tentacle-slap the sun demon. You grab the sun demon.
The sun demon is lightly wounded.
You constrict the sun demon! You block the sun demon's attack. x2
Unknown command.
You thrash the sun demon!!!!
You kill the sun demon!
Cheibriados appreciates the change of pace.
You block the sun demon's attack.
Unknown command.
You thrash the sun demon!!!!!
You kill the sun demon!
Cheibriados appreciates the change of pace.
No target in view!
There is a staircase leading out of the dungeon here.
You start waiting.
An Ice Fiend comes into view.
You batter the Ice Fiend!!
The Ice Fiend is moderately wounded.
You thrash the Ice Fiend!!!! You tentacle-slap the Ice Fiend.
You kill the Ice Fiend!
Cheibriados appreciates the change of pace.
There is a staircase leading out of the dungeon here.
You have escaped!

.## .# .# .# .#
.##
..################
#................#
#.....##...##)..8#
#............)...#
##################


There were no monsters in sight!

Vanquished Creatures
  Cerebov (Pan)
  Asmodeus (Geh:7)
  the Royal Jelly (Slime:5)
  Gloorx Vloq (Pan)
  9 pandemonium lords
  Dissolution (Slime:3)
  Ereshkigal (Tar:7)
  Lom Lobon (Pan)
  Mnoleg (Pan)
  the Serpent of Hell (Geh:7)
  11 dread liches
  Dispater (Dis:7)
  3 orbs of fire
  7 ancient liches
  6 juggernauts
  Sojobo (Vaults:2)
  Boris (twice) (Vaults:5 Depths:2)
  Vv (Depths:2)
  2 Killer Klowns
  Saint Roka (Vaults:4)
  2 shard shrikes (Coc:1)
  29 caustic shrikes
  5 curse toes
  Vashnia (Snake:2)
  Margery (Depths:4)
  Geryon (Hell)
  The ghost of Ukiefoc the Devastator, an adept DrFE of Vehumet (Vaults:3)
  10 golden dragons
  14 profane servitors
  Nikola (Snake:1)
  24 bone dragons
  13 doom hounds
  24 Brimstone Fiends
  13 iron giants
  2 electric golems (Zot:5)
  16 hellephants
  32 Tzitzimimeh
  2 spectral shard shrikes
  22 tentacled monstrosities
  Jorgrun (Shoals:2)
  11 Ice Fiends
  Mlioglotl (Shoals:1)
  Asterion (Snake:1)
  26 Hell Sentinels
  22 tainted leviathans
  8 liches
  3 walking crystal tomes
  5 quicksilver dragons
  30 Orb Guardians
  Grunn (Crypt:1)
  A walking divine tome (Depths:4)
  9 titans
  23 acid blobs
  20 searing wretches
  3 deep elf blademasters
  Frances (Elf:1)
  9 death cobs
  27 Executioners
  4 deep elf master archers (Elf:3)
  2 krakens
  9 sphinxes
  Agnes (D:15)
  20 ancient champions
  5 tentacled starspawn (Abyss:3)
  Kirke (Lair:3)
  6 tengu reavers
  The ghost of farilari the Metamorph, an adept DrSh of Kikubaaqudgha (Snake:2)
  Roxanne (Snake:3)
  14 storm dragons
  A daeva (Pan)
  15 shadow dragons
  Aizul (Shoals:1)
  9 draconian monks
  12 rockslimes
  7 revenants
  Donald (Shoals:4)
  The ghost of Zifaik the Warrior, an adept GrFi of Okawaru (Shoals:3)
  21 azure jellies
  A nagaraja (Snake:3)
  12 frost giants
  9 iron dragons
  21 fire giants
  7 deep elf sorcerers
  12 demonspawn warmongers
  Ilsuiw (Shoals:2)
  4 draconian knights
  6 draconian scorchers
  10 quicksilver elementals
  A deep elf elementalist (Elf:3)
  16 vault wardens
  4 draconian shifters
  A caustic shrike zombie (Crypt:3)
  4 curse skulls
  A spectral caustic shrike (Tar:3)
  7 draconian stormcallers
  54 balrugs
  Louise (Snake:2)
  A spectral juggernaut (Tar:3)
  An angel (Abyss:3)
  3 orc warlords
  5 ghouls
  21 cacodemons
  The ghost of dertzug the Severer, an adept VSFi of the Shining One (Depths:1)
  24 ironbound preservers
  A ghost moth (Zot:5)
  23 quicksilver oozes
  4 draconian annihilators
  6 demonspawn blood saints (Pan)
  40 war gargoyles
  8 formless jellyfish
  12 very ugly things
  A juggernaut skeleton (Hell)
  9 demonspawn corrupters (Pan)
  An ophan (Abyss:3)
  17 reapers
  2 spriggan defenders (Depths:4)
  5 vampire knights
  Nessos (D:15)
  6 ironbound thunderhulks
  2 elemental wellsprings (Coc:2)
  40 putrid mouths
  Azrael (Snake:2)
  8 black draconians
  20 yellow draconians
  15 green draconians
  An eleionoma (shapeshifter) (Vaults:4)
  23 lorocyprocas
  11 dire elephants
  15 stone giants
  8 white draconians
  12 demonspawn black suns
  5 deep elf annihilators
  10 purple draconians
  9 starcursed masses (Abyss:3)
  12 red draconians
  4 halazid warlocks (Tar:5)
  A spectral titan (Tar:2)
  9 deep elf demonologists
  3 spark wasps
  The ghost of Chiseanne the Nimble, a journeyman DsSh of Vehumet (Orc:2)
  27 iron golems
  4 wendigos
  5 deep elf death magi
  The ghost of Qioq the Marksspriggan, a journeyman SpHu of Hepliaklqana (Orc:1)
  The ghost of dertzug the Brawler, a journeyman TrSh of Hepliaklqana (D:13)
  5 crystal guardians
  7 merfolk javelineers
  7 eidola
  23 green deaths
  10 merfolk impalers
  15 ettins
  25 blizzard demons
  11 jiangshi
  3 spectral spriggans
  Josephine (D:11)
  9 yaktaur captains
  2 mummy priests
  2 entropy weavers
  8 deep elf high priests
  19 great orbs of eyes
  2 spectral iron giants
  Harold (D:11)
  An elf skeleton (Hell)
  2 fenstrider witch zombies
  12 fire dragons
  6 rakshasas
  5 ice dragons
  A quicksilver dragon skeleton (Crypt:3)
  A peacekeeper (Vaults:4)
  3 caustic shrike simulacra
  5 ogre magi
  41 vault guards
  3 alligator snapping turtles (Shoals:4)
  7 spriggan air magi
  6 spriggan skeletons
  20 salamander tyrants
  A spectral tengu (Tar:1)
  A demonspawn (Orc:2)
  A catoblepas (D:12)
  An alligator snapping turtle (shapeshifter) (Depths:2)
  2 merfolk aquamancers (Shoals:4)
  Erica (D:8)
  4 hydras
  6 merfolk avatars
  13 ironbound frosthearts
  A juggernaut simulacrum (Coc:2)
  14 anacondas
  13 boulder beetles
  17 centaur warriors
  16 two-headed ogres
  A death knight (Crypt:1)
  2 stokers (Geh:7)
  16 naga warriors
  An anaconda (shapeshifter) (Vaults:5)
  A satyr (Shoals:3)
  6 spriggan berserkers
  8 tengu warriors
  32 dancing weapons
  8 deep troll shamans
  34 hell hogs
  3 deep troll earth magi
  6 thrashing horrors (Abyss:3)
  2 titan zombies
  7 vampire magi
  6 occultists
  A spectral dire elephant (Tar:5)
  2 death yaks (Lair:5)
  9 shock serpents
  7 orc high priests
  16 deep elf knights
  42 demonic crawlers
  6 holy swine (Pan)
  99 soul eaters
  16 naga sharpshooters
  5 spriggans
  14 crystal echidnas
  3 skysharks
  2 storm dragon zombies
  7 hell knights
  87 sun demons
  44 shadow wraiths
  2 salamander mystics (Snake:4)
  3 titan skeletons (Pan)
  11 iron trolls
  An iron troll (shapeshifter) (Elf:3)
  A spectral bunyip (Tar:1)
  3 anaconda zombies
  2 iron giant zombies
  33 sixfirhies
  4 skeletal warriors (Crypt:1)
  10 sea snakes
  4 bog bodies
  A bunyip zombie (Crypt:3)
  2 quicksilver dragon simulacra (Coc:2)
  37 shadow demons (Pan)
  A death drake (shapeshifter) (Abyss:3)
  A fire crab (Volcano)
  4 spectral anacondas
  6 wretched stars
  A sun moth (Shoals:2)
  2 spatial maelstroms (Abyss:3)
  7 flayed ghosts
  5 orange crystal statues
  51 deep trolls
  7 naga ritualists
  2 bunyip skeletons (Pan)
  7 deep elf archers
  A spectral hydra (Tar:5)
  A spriggan simulacrum (Coc:2)
  The ghost of Mls the Basher, a novice TrGl of Makhleb (D:5)
  6 glowing orange brains
  3 obsidian statues
  12 arcanists
  11 orc knights
  18 ironbound convokers
  13 lindwurms
  2 death drakes (Zot:2)
  An iron giant skeleton (Crypt:3)
  An anaconda skeleton (Hell)
  16 phantasmal warriors
  4 wolf spiders (Crypt:3)
  2 shadow dragon skeletons (Pan)
  16 necromancers
  2 spectral ettins
  16 harpies
  22 deep elf zephyrmancers
  12 manticores
  2 alligator zombies
  12 mana vipers
  43 ugly things
  9 fauns
  4 oklob plants (Zot:1)
  2 stone giant zombies
  A will-o-the-wisp (Abyss:3)
  9 shining eyes
  25 deep elf pyromancers
  11 orc sorcerers
  10 elephants
  10 cyclopes
  3 worldbinders
  22 salamanders
  A spectral centaur (Tar:2)
  4 stone giant skeletons
  4 water nymphs
  8 merfolk sirens
  5 rust devils
  A spectral alligator snapping turtle (Tar:2)
  Joseph (D:7)
  A naga zombie (Hell)
  An alligator skeleton (Hell)
  A fire giant skeleton (Crypt:2)
  29 moths of wrath
  18 naga magi
  93 smoke demons
  36 black mambas
  2 ice statues (Hell)
  Maurice (D:7)
  21 vault sentinels
  5 eyes of devastation
  10 guardian serpents
  14 molten gargoyles
  A torpor snail (Lair:4)
  3 dire elephant skeletons
  4 gargoyles
  A storm dragon simulacrum (Coc:1)
  2 titan simulacra
  An alligator snapping turtle zombie (Crypt:3)
  6 cane toads
  8 unseen horrors
  35 orange demons
  4 kobold demonologists
  A white draconian zombie (Crypt:1)
  19 hellions
  A komodo dragon (shapeshifter) (Abyss:5)
  19 tormentors
  27 yaktaurs
  2 rime drakes (Lair:5)
  Psyche (D:10)
  5 anaconda simulacra
  11 efreet
  18 freezing wraiths
  3 bunyip simulacra
  An iron troll zombie (Crypt:2)
  An alligator snapping turtle skeleton (Hell)
  2 golden dragon simulacra (IceCv)
  9 komodo dragons
  2 tengu conjurers
  3 ice devils
  A spectral deep troll (Tar:1)
  4 red devils
  3 silent spectres
  2 harpy zombies
  7 ancient zymes (Abyss:3)
  A queen bee (Abyss:4)
  A spectral harpy (Tar:2)
  A minotaur skeleton (Pan)
  33 merfolk
  A guardian mummy (Crypt:1)
  11 trolls
  A hydra zombie (Hell)
  A polar bear (shapeshifter) (D:14)
  A mana viper zombie (Crypt:2)
  6 meliai
  5 harpy skeletons
  80 hellwings
  3 hydra skeletons
  8 wind drakes
  A moth of wrath zombie (Zot:2)
  8 hornets
  A shadow dragon simulacrum (Coc:1)
  Prince Ribbit (D:7)
  12 raiju (Abyss:3)
  An iron dragon simulacrum (Coc:1)
  6 polar bears
  2 dream sheep (Shoals:3)
  4 glass eyes
  19 blink frogs
  4 stone giant simulacra
  2 ettin zombies
  14 snapping turtles
  2 centaur simulacra
  4 jumping spiders (Crypt:3)
  116 slime creatures
  An ice dragon skeleton (Pan)
  A slime creature (shapeshifter) (Elf:3)
  A shadow (D:10)
  3 air elementals
  A black mamba skeleton (Pan)
  8 wyverns
  Sigmund (D:3)
  A vampire (D:9)
  A dire elephant simulacrum (IceCv)
  A naga simulacrum (Coc:2)
  72 large abominations
  52 ynoxinuls
  14 water elementals
  43 yaks
  An alligator snapping turtle simulacrum (Coc:1)
  11 wraiths
  6 hogs (Lair:2)
  A human (D:14)
  3 basilisks
  5 fire elementals
  10 golden eyes
  27 chaos spawn
  6 fire bats
  An ushabti (Crypt:3)
  A vampire mosquito (D:14)
  8 steam dragons
  3 redbacks
  A deep troll zombie (Hell)
  20 neqoxecs
  4 wargs
  3 spatial vortices (Abyss:3)
  A glowing shapeshifter zombie (Crypt:2)
  A demonspawn zombie (Crypt:2)
  7 harpy simulacra
  4 human zombies
  2 acid dragons
  15 water moccasins
  4 hydra simulacra
  38 nagas
  An acid dragon (shapeshifter) (D:15)
  A demonspawn skeleton (Pan)
  10 small abominations (Abyss:3)
  A merfolk skeleton (Crypt:1)
  5 black bears
  4 hell hounds
  3 naga skeletons
  A two-headed ogre skeleton (Crypt:2)
  40 orc warriors
  An ice beast (Coc:2)
  A sky beast (D:8)
  4 ettin simulacra (IceCv)
  11 wolves
  4 centaurs
  A dream sheep skeleton (Crypt:1)
  13 ogres
  An elephant skeleton (Crypt:2)
  The ghost of pzskc383 the Chopper, an amateur GrFi (D:3)
  4 kobold brigands
  17 bullfrogs
  4 necrophages
  2 wyvern zombies (Ossuary)
  An earth elemental (Elf:3)
  A gnoll sergeant (D:10)
  4 scorpions
  2 deep troll simulacra (IceCv)
  A warg zombie (Crypt:1)
  4 wights
  2 wyvern skeletons (Crypt:3)
  A killer bee (D:8)
  A shapeshifter skeleton (Crypt:1)
  A polar bear skeleton (Crypt:1)
  8 howler monkeys
  5 lava snakes (Volcano)
  6 bullfrog zombies
  9 centaur zombies
  2 quasits
  3 hounds
  36 jellies
  An iron imp (Abyss:3)
  21 orc priests
  5 iguanas
  3 sleepcaps
  3 human skeletons (Crypt:1)
  Natasha (thrice) (D:3)
  17 orc wizards
  19 hell rats
  2 killer bee zombies (Ossuary)
  17 mummies
  A howler monkey zombie (Ossuary)
  A steam dragon zombie (Crypt:2)
  9 adders
  20 gnolls
  4 shadow imps
  2 white imps
  6 ufetubi
  2 worms (D:3)
  2 dart slugs
  83 orcs
  8 ball pythons
  2 bats (D:1)
  8 endoplasms
  2 giant cockroaches (D:3)
  8 goblins
  8 hobgoblins
  3 jackals (Sewer)
  3 quokkas
  3 frilled lizards
  12 kobolds
  3 rats
  A ball lightning (Pan)
  2 butterflies (Lair:4)
  3 creeping infernos
  12 fire vortices
4302 creatures vanquished.

Vanquished Creatures (collateral kills)
  A deep elf demonologist (Vaults:5)
  3 death yaks (Lair:5)
  A vault sentinel (Vaults:5)
  An efreet (Pan)
  A yak (Lair:5)
  2 ogres (Vaults:5)
9 creatures vanquished.

Vanquished Creatures (others)
  An eldritch tentacle (Pan)
  A draconian knight (Zot:4)
  A shard shrike simulacrum (Coc:2)
  A draconian annihilator (Pan)
  A blizzard demon (Pan)
  A vault guard (Vaults:5)
  2 juggernaut simulacra
  An ogre mage (Vaults:5)
  2 naga sharpshooters
  A soul eater (Pan)
  A rust devil (Depths:3)
  5 smoke demons (Pan)
  An orange demon (Pan)
  An ice devil (Coc:2)
  A hellwing (Pan)
  A stone giant simulacrum (Coc:2)
  A human (Lair:3)
  5 golden eyes (Abyss:3)
  A harpy simulacrum (Coc:1)
  A black mamba simulacrum (Coc:2)
  A hell rat (Hell)
  An orc wizard (Orc:2)
  An orc (Orc:2)
  2 ball lightnings (Pan)
  5 creeping infernos
  4 foxfires (Abyss:3)
  2 lurking horrors (Abyss:3)
  16 starspawn tentacles
  8 tentacles
70 creatures vanquished.

Grand Total: 4381 creatures vanquished

Notes
Turn   | Place    | Note
-------+----------+-------------------------------------------
     0 | D:1      | CrazyBamboolord the Octopode Shapeshifter began the quest
                  | for the Orb.
     0 | D:1      | Reached XP level 1. HP: 13/13 MP: 1/1
    94 | D:1      | Reached skill level 1 in Stealth
   153 | D:1      | Reached XP level 2. HP: 14/18 MP: 2/2
   638 | D:2      | Reached XP level 3. HP: 8/23 MP: 3/3
  1605 | D:3      | Reached XP level 4. HP: 27/28 MP: 4/4
  1617 | D:3      | Found a glowing drain.
  1624 | Sewer    | Entered a sewer
  1685 | Sewer    | Noticed a water moccasin
  1712 | Sewer    | Killed a water moccasin
  1713 | Sewer    | Reached skill level 5 in Shapeshifting
  1713 | Sewer    | Reached XP level 5. HP: 29/33 MP: 5/5
  1898 | D:3      | Noticed Sigmund
  1905 | D:3      | Killed Sigmund
  1906 | D:3      | Reached skill level 5 in Stealth
  1906 | D:3      | Reached XP level 6. HP: 38/38 MP: 6/6
  2086 | D:3      | Noticed Natasha
  2092 | D:3      | Killed Natasha
  2107 | D:3      | Noticed Natasha
  2113 | D:3      | Killed Natasha
  2315 | D:3      | Found a runed translucent door.
  2315 | D:3      | Noticed pzskc383's ghost (amateur GrFi)
  2369 | D:3      | Noticed Natasha
  2375 | D:3      | Killed Natasha
  2668 | D:4      | Identified the "Goisuvur"
  2668 | D:4      | Identified the "Puas"
  2672 | D:4      | Reached XP level 7. HP: 43/43 MP: 7/7
  2783 | D:4      | Found a staircase to the Ecumenical Temple.
  2808 | Temple   | Entered the Ecumenical Temple
  2813 | Temple   | Became a worshipper of Cheibriados the Contemplative
  2913 | D:4      | Found Duakloypt's Distillery.
  3056 | D:4      | Bought a potion of curing for 30 gold pieces
  3056 | D:4      | Bought a potion of invisibility for 80 gold pieces
  3056 | D:4      | Bought a potion of lignification for 30 gold pieces
  3573 | D:4      | Found a glowing golden altar of the Shining One.
  3575 | D:4      | Noticed an angel
  3586 | D:4      | Found a basalt altar of Yredelemnul.
  3588 | D:4      | Noticed a profane servitor
  3771 | D:5      | Entered Level 5 of the Dungeon
  3890 | D:5      | Found a runed translucent door.
  3897 | D:5      | Noticed Mls's ghost (novice TrGl)
  3915 | D:5      | Reached * piety under Cheibriados
  4032 | D:5      | Reached XP level 8. HP: 48/48 MP: 8/8
  4046 | D:5      | Found a shadowy altar of Dithmenos.
  4306 | D:5      | Found a sparkling altar of Nemelex Xobeh.
  4690 | D:6      | Found a sand-covered staircase.
  4699 | Ossuary  | Entered an ossuary
  4754 | Ossuary  | HP: 1/50 [bog mummy/puff of frost (4)]
  4777 | Ossuary  | Reached ** piety under Cheibriados
  5010 | Ossuary  | Reached XP level 9. HP: 56/56 MP: 9/9
  5372 | D:6      | Found a hazy altar of Hepliaklqana.
  5518 | D:6      | Reached skill level 1 in Invocations
  5794 | D:6      | Reached *** piety under Cheibriados
  5949 | D:7      | Reached skill level 5 in Unarmed Combat
  6125 | D:7      | Noticed Joseph
  6148 | D:7      | Killed Joseph
  6277 | D:7      | Found an ornate altar of the Wu Jian Council.
  6301 | D:7      | Found a shimmering altar of Xom.
  6301 | D:7      | Found a stormy altar of Qazlal.
  6301 | D:7      | Found an ancient bone altar of Kikubaaqudgha.
  6306 | D:7      | Found a broken altar of Ashenzari.
  6408 | D:7      | Reached **** piety under Cheibriados
  6450 | D:7      | Reached skill level 5 in Dodging
  6729 | D:8      | Reached XP level 10. HP: 65/65 MP: 12/12
  6756 | D:8      | Noticed Erica
  6846 | D:8      | Noticed Maurice
  6847 | D:8      | Noticed Prince Ribbit
  6870 | D:7      | Killed Prince Ribbit
  6963 | D:8      | Maurice stole a beast talisman
  6978 | D:7      | Something stole a +2 dagger of draining
  6987 | D:7      | Something stole a throwing net
  6990 | D:7      | Killed Maurice
  6991 | D:7      | Reached skill level 5 in Fighting
  7076 | D:8      | Killed Erica
  7243 | D:8      | Noticed a two-headed ogre
  7257 | D:8      | Killed a two-headed ogre
  7406 | D:8      | Noticed a walking earthen tome
  7408 | D:8      | Found Soutram's Book Emporium.
  7410 | D:8      | Noticed a walking earthen tome
  7577 | D:8      | Reached ***** piety under Cheibriados
  7826 | D:9      | Reached skill level 10 in Shapeshifting
  7832 | D:9      | Reached XP level 11. HP: 54/72 MP: 12/14
  7839 | D:9      | Reached skill level 5 in Invocations
  8640 | D:10     | Entered Level 10 of the Dungeon
  8660 | D:10     | Found a staircase to the Lair.
  8667 | D:10     | Found a burning altar of Makhleb.
  9235 | D:10     | Reached ****** piety under Cheibriados
  9390 | D:11     | Noticed Josephine
  9390 | D:11     | Noticed Psyche
  9396 | D:10     | Killed Psyche
  9440 | D:11     | Noticed Harold
  9580 | D:11     | Noticed a cyclops
  9590 | D:11     | Killed a cyclops
  9622 | Lair:1   | Entered Level 1 of the Lair of Beasts
  9799 | Lair:1   | Reached XP level 12. HP: 74/82 MP: 13/17
 10825 | Lair:2   | Found a staircase to the Snake Pit.
 10869 | Lair:2   | Noticed a seven-headed hydra
 10875 | Lair:2   | Killed a seven-headed hydra
 11698 | Lair:3   | Noticed Kirke
 11762 | Lair:3   | Killed Kirke
 11782 | Lair:3   | Noticed a skyshark
 11788 | Lair:3   | Killed a skyshark
 11863 | Lair:3   | Identified the +1 quarterstaff "Zisk" {vamp, Int+3 SInv}
 12062 | Lair:3   | Identified a scroll of acquirement
 12063 | Lair:3   | Acquired a manual of Shields
 12280 | Lair:3   | Found a staircase to the Shoals.
 12285 | Lair:3   | Reached XP level 13. HP: 75/90 MP: 11/18
 12419 | Lair:3   | Reached skill level 10 in Stealth
 13041 | Lair:4   | Reached skill level 10 in Unarmed Combat
 13267 | Lair:4   | Reached skill level 10 in Dodging
 14078 | Lair:5   | Entered Level 5 of the Lair of Beasts
 14096 | Lair:5   | Reached skill level 10 in Fighting
 14128 | Lair:5   | Noticed a dire elephant
 14208 | Lair:5   | Found a viscous altar of Jiyva.
 14209 | Lair:5   | Found a staircase to the Slime Pits.
 14434 | Lair:5   | Reached XP level 14. HP: 95/99 MP: 17/20
 15367 | Lair:5   | Killed a dire elephant
 16104 | D:11     | Killed Josephine
 16123 | D:11     | Killed Harold
 16532 | D:12     | Found a glowing silver altar of Zin.
 16569 | D:12     | Found a staircase to the Orcish Mines.
 16868 | D:12     | Noticed a frost giant
 16878 | D:12     | Killed a frost giant
 16878 | D:12     | Paralysed by something for 5 turns
 17033 | D:12     | Identified the +8 mace of the Countless Violins {elec,
                  | *Noise Fly rC+ rN++}
 17034 | D:12     | Identified the blade talisman of the Carved God {Dex+5}
 18152 | D:13     | Noticed dertzug's ghost (journeyman TrSh)
 18169 | D:13     | Found a transporter.
 18182 | D:13     | Found a bloodstained altar of Trog.
 18192 | D:13     | Found a transporter.
 18212 | D:13     | Reached XP level 15. HP: 108/108 MP: 20/22
 19013 | D:14     | Reached skill level 10 in Invocations
 19073 | D:14     | Found a gate to the Vaults.
 19830 | D:14     | You fall into a shaft and drop 1 floor!
 19830 | D:15     | Entered Level 15 of the Dungeon
 19839 | D:15     | Noticed Nessos
 19851 | D:15     | Killed Nessos
 20243 | D:15     | Noticed Agnes
 20256 | D:15     | Killed Agnes
 20991 | D:15     | Found a staircase to the Depths.
 21014 | D:15     | Reached XP level 16. HP: 116/116 MP: 23/23
 22027 | Orc:1    | Entered Level 1 of the Orcish Mines
 22063 | Orc:1    | Noticed Qioq's ghost (journeyman SpHu)
 22115 | Orc:1    | Found a runed translucent gate.
 22150 | Orc:1    | Found a runed translucent gate.
 22151 | Orc:1    | Found a runed translucent gate.
 22421 | Orc:2    | Entered Level 2 of the Orcish Mines
 22439 | Orc:2    | Found a dark tunnel.
 22449 | Volcano  | Entered a volcano
 23485 | Volcano  | Found a radiant altar of Vehumet.
 23914 | Orc:2    | Paralysed by an orc sorcerer for 3 turns
 24094 | Orc:2    | Found a runed translucent door.
 24095 | Orc:2    | Found a shimmering altar of Xom.
 24095 | Orc:2    | Noticed Chiseanne's ghost (journeyman DsSh)
 24266 | Orc:1    | Found the +10 tower shield of Ignorance {rN+ Int-4}
 24370 | Orc:1    | Found a runed translucent door.
 24401 | Orc:1    | Found a runed translucent door.
 25082 | Orc:2    | Found a staircase to the Elven Halls.
 25395 | Orc:2    | Found Afehemipyf's General Store.
 25399 | Orc:2    | Found Serit's Distillery.
 25593 | Orc:2    | Bought a potion of lignification for 42 gold pieces
 25593 | Orc:2    | Bought a potion of resistance for 140 gold pieces
 25593 | Orc:2    | Bought a potion of heal wounds for 70 gold pieces
 25593 | Orc:2    | Bought a potion of invisibility for 112 gold pieces
 25595 | Orc:2    | Bought a potion of ambrosia for 120 gold pieces
 25595 | Orc:2    | Bought a scroll of revelation for 112 gold pieces
 25595 | Orc:2    | Bought a potion of curing for 45 gold pieces
 25597 | Orc:2    | Bought a potion of cancellation for 112 gold pieces
 26109 | D:5      | Killed Mls's ghost
 26231 | D:3      | Killed pzskc383's ghost
 26758 | Orc:1    | Killed Qioq's ghost
 27180 | Orc:2    | Found Tyten's Antique Armour Emporium.
 27180 | Orc:2    | Found Tioj's Book Shoppe.
 27182 | Orc:2    | Found a one-way gate leading to the halls of Pandemonium.
 27309 | Orc:2    | Killed Chiseanne's ghost
 27614 | Snake:3  | Identified the of Raoxze
 27614 | Shoals:1 | Entered Level 1 of the Shoals
 27879 | Shoals:1 | Identified the serpent talisman "Vissyemo" {Fly Int+2 SInv
                  | Stlth-}
 27879 | Shoals:1 | Noticed Aizul
 27890 | Shoals:1 | Killed Aizul
 28041 | Shoals:1 | Found Miolaorgh's Distillery.
 28060 | Shoals:1 | Bought a potion of curing for 54 gold pieces
 28060 | Shoals:1 | Bought a potion of heal wounds for 90 gold pieces
 28060 | Shoals:1 | Bought 2 potions of ambrosia for 288 gold pieces
 28060 | Shoals:1 | Bought a potion of invisibility for 144 gold pieces
 28138 | Shoals:1 | Noticed Mlioglotl
 28147 | Shoals:1 | Killed Mlioglotl
 28302 | Shoals:1 | Reached XP level 17. HP: 125/125 MP: 24/24
 28445 | Shoals:1 | Acquired the +4 hat of Daisies {Dex+7}
 28646 | Shoals:1 | Noticed a kraken
 28667 | Shoals:1 | Killed a kraken
 28928 | Shoals:2 | Identified the "Meth"
 28928 | Shoals:2 | Noticed Jorgrun
 28936 | Shoals:2 | Killed Jorgrun
 29425 | Shoals:2 | Identified the +10 war axe of the Uplifting Gods {freeze,
                  | Will- Int+4 SInv}
 29663 | Shoals:2 | Identified the +1 robe of the End {rF+}
 29696 | Shoals:2 | Noticed Ilsuiw
 29709 | Shoals:2 | Noticed a kraken
 29724 | Shoals:2 | Killed a kraken
 30060 | Snake:1  | Entered Level 1 of the Snake Pit
 30251 | Snake:1  | Noticed Asterion
 30261 | Snake:1  | Killed Asterion
 30540 | Snake:1  | Noticed Nikola
 30674 | Snake:1  | Killed Nikola
 30675 | Snake:1  | Reached skill level 15 in Unarmed Combat
 30713 | Snake:1  | Reached skill level 15 in Dodging
 30908 | Snake:1  | Found Fiapnefary's General Store.
 30913 | Snake:1  | Found Cemat's Antique Weapon Emporium.
 30915 | Snake:1  | Bought a ring of resist corrosion for 340 gold pieces
 30915 | Snake:1  | Bought a scroll of fog for 68 gold pieces
 31178 | Snake:2  | Noticed Louise
 31188 | Snake:2  | Killed Louise
 31189 | Snake:2  | Reached skill level 15 in Fighting
 31230 | Snake:2  | You fall into a shaft and drop 1 floor!
 31230 | Snake:3  | Noticed Roxanne
 31260 | Snake:3  | Reached XP level 18. HP: 43/134 MP: 6/25
 31261 | Snake:3  | Reached XP level 19. HP: 45/141 MP: 7/26
 31535 | Snake:3  | Killed Roxanne
 31923 | Snake:2  | Found a large runed translucent door.
 31923 | Snake:2  | Found a large runed translucent door.
 31924 | Snake:2  | Noticed farilari's ghost (adept DrSh)
 31936 | Snake:2  | Reached XP level 20. HP: 149/149 MP: 25/27
 31973 | Snake:2  | Identified the +1 cloak of the Moon Troll {-Tele rC++
                  | Int+5}
 32278 | Snake:2  | Noticed Vashnia
 32325 | Snake:2  | Killed Vashnia
 32484 | Snake:2  | Noticed Azrael
 32496 | Snake:2  | Killed Azrael
 33296 | Snake:2  | Killed farilari's ghost
 33562 | Snake:3  | Reached skill level 15 in Shapeshifting
 33769 | Snake:4  | Entered Level 4 of the Snake Pit
 34347 | Snake:4  | Reached skill level 1 in Shields
 34548 | Snake:4  | Got a serpentine rune of Zot
 35120 | Shoals:2 | Reached skill level 5 in Shields
 35174 | Shoals:2 | Killed Ilsuiw
 35907 | Shoals:3 | Noticed Zifaik's ghost (adept GrFi)
 35910 | Shoals:3 | Found a runed translucent door.
 35971 | Shoals:3 | Identified the +5 spear of Epiarex {drain, rC+}
 36186 | Shoals:3 | Killed Zifaik's ghost
 36224 | Shoals:4 | Identified the of Voxtios
 36224 | Shoals:4 | Identified the "Guses"
 36224 | Shoals:4 | Entered Level 4 of the Shoals
 36224 | Shoals:4 | Noticed Donald
 36241 | Shoals:4 | Reached XP level 21. HP: 154/154 MP: 29/29
 36259 | Shoals:4 | Killed Donald
 36918 | Shoals:4 | Identified the +0 scale mail "Oraak Iwe" {Rampage rElec
                  | MP+9 Str+3}
 36990 | Shoals:4 | Got a barnacled rune of Zot
 37815 | Vaults:1 | Entered Level 1 of the Vaults
 38297 | Vaults:1 | Reached skill level 10 in Shields
 38762 | Vaults:2 | Noticed Sojobo
 38767 | Vaults:2 | Killed Sojobo
 39021 | Vaults:2 | Reached skill level 15 in Stealth
 39073 | Vaults:2 | Reached XP level 22. HP: 163/163 MP: 29/31
 39103 | Vaults:2 | Paralysed by a sphinx for 4 turns
 39340 | Vaults:2 | Found a staircase to the Crypt.
 39340 | Vaults:2 | Found an ancient bone altar of Kikubaaqudgha.
 39340 | Vaults:2 | Found a basalt altar of Yredelemnul.
 40114 | Vaults:3 | Found a runed translucent door.
 40114 | Vaults:3 | Found a shimmering altar of Xom.
 40114 | Vaults:3 | Noticed Ukiefoc's ghost (adept DrFE)
 40712 | Vaults:3 | Reached skill level 1 in Throwing
 40952 | Vaults:3 | Killed Ukiefoc's ghost
 40957 | Vaults:3 | Identified the ring of Xom's Full Attention {rPois MP+9
                  | Str+4 Dex+3 Slay+2}
 41758 | Vaults:4 | Noticed Saint Roka
 41761 | Vaults:4 | Killed Saint Roka
 41837 | Vaults:4 | Reached XP level 23. HP: 171/171 MP: 32/32
 42212 | Vaults:5 | Entered Level 5 of the Vaults
 42239 | Vaults:5 | Reached skill level 5 in Throwing
 42503 | Vaults:5 | Noticed Boris
 42574 | Abyss:3  | Cast into level 3 of the Abyss (a deep elf demonologist)
 42959 | Abyss:3  | Gained mutation: A frigid envelope surrounds you and
                  | freezes all who hurt you. [a neqoxec]
 42966 | Abyss:3  | Found a corrupted altar of Lugonu.
 42967 | Abyss:3  | Found a corrupted altar of Lugonu.
 42998 | Vaults:5 | Escaped the Abyss
 43144 | Vaults:5 | Found Mollel's Magic Scroll Emporium.
 43271 | Vaults:5 | Identified the ring of the Thirsty Servitors {rC+ Int+3}
 43273 | Vaults:5 | Noticed a dread lich
 43281 | Vaults:5 | Killed a dread lich
 43298 | Vaults:5 | Reached XP level 24. HP: 150/179 MP: 19/32
 43342 | Vaults:5 | Identified the ring "Harchor" {Str+6 Stlth+}
 43583 | Vaults:5 | Killed Boris
 43953 | Vaults:5 | Identified the staff of Hurling Imminent Death {rF+ rN+
                  | Necro}
 43957 | Vaults:5 | Identified the +0 ring mail of Bright Music {rPois Str+3
                  | Dex+3}
 44178 | Vaults:5 | Got a silver rune of Zot
 44259 | Vaults:5 | Found Ehaxaiz's Magic Scroll Shoppe.
 44264 | Vaults:5 | Bought a scroll of teleportation for 48 gold pieces
 44284 | Vaults:5 | Bought a scroll of blinking for 97 gold pieces
 44284 | Vaults:5 | Bought a scroll of revelation for 97 gold pieces
 44284 | Vaults:5 | Bought a scroll of torment for 123 gold pieces
 44284 | Vaults:5 | Bought a scroll of fog for 52 gold pieces
 44284 | Vaults:5 | Bought a scroll of revelation for 97 gold pieces
 44957 | Crypt:3  | Identified the of Hiyle
 44957 | Crypt:3  | Identified the "Degoqyr"
 44957 | Crypt:3  | Identified the "Jaotao"
 44957 | Elf:1    | Identified the of Goanis
 44957 | Elf:1    | Identified the "Onub"
 44957 | Elf:1    | Entered Level 1 of the Elven Halls
 45392 | Elf:1    | Reached skill level 10 in Throwing
 45412 | Elf:1    | Noticed Frances
 45423 | Elf:1    | Killed Frances
 46032 | Elf:2    | Found a frozen archway.
 46051 | IceCv    | Entered an ice cave
 46372 | IceCv    | Identified the ring "Myonk" {rC+ Will+ Str+5 Slay-3}
 46623 | Elf:2    | Found an ancient bone altar of Kikubaaqudgha.
 46762 | Elf:2    | Found a runed translucent gate.
 46763 | Elf:2    | Found a runed translucent gate.
 46763 | Elf:2    | Found a runed translucent gate.
 46821 | Elf:3    | Entered Level 3 of the Elven Halls
 46833 | Elf:2    | Found a radiant altar of Vehumet.
 46937 | Elf:3    | Found Xaykyomiuj's Armour Shoppe.
 46950 | Elf:3    | Found Peduu's Distillery.
 46958 | Elf:3    | Bought a potion of magic for 136 gold pieces
 46958 | Elf:3    | Bought a potion of magic for 136 gold pieces
 46958 | Elf:3    | Bought a potion of invisibility for 136 gold pieces
 46958 | Elf:3    | Bought a potion of curing for 51 gold pieces
 46958 | Elf:3    | Bought a potion of curing for 51 gold pieces
 47050 | Elf:3    | Found Piats's Magic Scroll Emporium.
 47055 | Elf:3    | Found Tuott's Magic Scroll Shoppe.
 47059 | Elf:3    | Bought a scroll of teleportation for 39 gold pieces
 47059 | Elf:3    | Bought a scroll of silence for 123 gold pieces
 47059 | Elf:3    | Bought a scroll of blinking for 97 gold pieces
 47062 | Elf:3    | Bought a scroll of blinking for 90 gold pieces
 47062 | Elf:3    | Bought a scroll of teleportation for 36 gold pieces
 47062 | Elf:3    | Bought a scroll of silence for 114 gold pieces
 48371 | D:13     | Killed dertzug's ghost
 48618 | Elf:3    | Bought a scroll of enchant armour for 97 gold pieces
 49398 | Elf:3    | Found Vaanejim's Assorted Antiques.
 49865 | Elf:3    | Identified the ring "Fehon" {Fire Int+5 Stlth-}
 49877 | Elf:3    | Identified the ring "Naeg" {Fly rElec rN+ Int-4 Dex+4}
 50123 | Elf:3    | Found the +8 storm bow {elec, penet}
 50174 | Elf:3    | Identified the +6 scale mail of Impressiveness {rElec rC+
                  | rCorr Stlth+}
 50184 | Elf:3    | Identified the staff of the Enormous God {rPois rF+ rN+
                  | Str-2 Int+3 Necro}
 50594 | Depths:1 | Entered Level 1 of the Depths
 50601 | Depths:1 | Reached XP level 25. HP: 187/187 MP: 32/32
 50682 | Depths:1 | Found Otuanuyt's General Store.
 50695 | Depths:1 | Bought a scroll of teleportation for 48 gold pieces
 50851 | Depths:1 | Found a one-way gate to the infinite horrors of the Abyss.
 50927 | Depths:1 | Noticed dertzug's ghost (adept VSFi)
 50928 | Depths:1 | Found a runed translucent gate.
 50928 | Depths:1 | Found a runed translucent gate.
 50928 | Depths:1 | Found a runed translucent gate.
 50942 | Depths:1 | Found a basalt altar of Yredelemnul.
 51406 | Depths:2 | Noticed a juggernaut
 51416 | Depths:2 | Killed a juggernaut
 51429 | Depths:2 | Found an iron altar of Okawaru.
 51434 | Depths:2 | Noticed Boris
 51439 | Depths:2 | Killed Boris
 51692 | Depths:2 | Noticed Vv
 51699 | Depths:2 | Killed Vv
 51865 | Depths:2 | Found a hide-covered altar of Uskayaw.
 52286 | Depths:2 | Found a gateway to Hell.
 52730 | Depths:3 | Identified the +3 scimitar of the Philosopher {freeze,
                  | Str+2 Dex-5 Stlth+}
 53055 | Depths:3 | Found a one-way gateway to a ziggurat.
 53190 | Depths:3 | Found Ymecol's Jewellery Shoppe.
 53190 | Depths:3 | Found Laeba Leq's Book Shop.
 53191 | Depths:3 | Found Ladifref's Book Shop.
 53201 | Depths:3 | Acquired 1213 gold pieces
 53205 | Depths:3 | Acquired a manual of Shapeshifting
 53227 | Depths:3 | Found a runed translucent door.
 53321 | Depths:3 | Found Zuj Pem's Weapon Shop.
 53686 | Depths:4 | Entered Level 4 of the Depths
 53686 | Depths:4 | Found Ecugim's Distillery.
 53708 | Depths:4 | Reached XP level 26. HP: 195/195 MP: 32/32
 53715 | Depths:4 | Bought a potion of curing for 69 gold pieces
 53715 | Depths:4 | Bought a potion of curing for 69 gold pieces
 53715 | Depths:4 | Bought a potion of heal wounds for 115 gold pieces
 53715 | Depths:4 | Bought a potion of curing for 69 gold pieces
 53715 | Depths:4 | Bought a potion of ambrosia for 184 gold pieces
 53746 | Depths:4 | Found a gate to the Realm of Zot.
 53928 | Depths:4 | Noticed Margery
 53936 | Depths:4 | Killed Margery
 54059 | Depths:4 | Found Comeil's Weapon Boutique.
 54236 | Depths:4 | Noticed an ancient lich
 54239 | Depths:4 | Killed an ancient lich
 54701 | Depths:4 | Noticed a juggernaut
 54707 | Depths:4 | Killed a juggernaut
 55168 | Crypt:1  | Entered Level 1 of the Crypt
 55627 | Crypt:1  | Noticed Grunn
 55635 | Crypt:1  | Killed Grunn
 56219 | Crypt:2  | Found an ancient bone altar of Kikubaaqudgha.
 56752 | Crypt:3  | Entered Level 3 of the Crypt
 56874 | Crypt:3  | Identified the +5 lajatang of Bloodstone {spect, *Noise
                  | rPois rC+ MP+9}
 57173 | Crypt:3  | Reached XP level 27. HP: 203/203 MP: 32/32
 57209 | Crypt:3  | Found an ancient bone altar of Kikubaaqudgha.
 57337 | Crypt:3  | Reached skill level 15 in Shields
 57366 | Crypt:3  | Noticed a dread lich
 57370 | Crypt:3  | Killed a dread lich
 57768 | Crypt:3  | Identified the +11 short sword of Uleigo {flame, rElec
                  | rC+++ rN+ Str-4}
 57785 | Crypt:3  | Found the +3 hat of Pondering {ponderous, Will+ MP+10
                  | Int+5}
 58321 | Crypt:3  | Found a staircase to the Tomb.
 58793 | Slime:1  | Entered Level 1 of the Pits of Slime
 59130 | Slime:2  | Gained mutation: Your spells are a little easier to cast,
                  | but a little less powerful. [a shining eye]
 59517 | Slime:2  | Gained mutation: You are weak. (Str -2) [a shining eye]
 60022 | Slime:1  | Gained mutation: You are vulnerable to cold. (rC-) [a
                  | shining eye]
 60210 | Slime:3  | Noticed Dissolution
 60215 | Slime:3  | Killed Dissolution
 61027 | Slime:5  | Identified the of Dirraut
 61027 | Slime:5  | Entered Level 5 of the Pits of Slime
 61216 | Slime:5  | Gained mutation: You occasionally lose the ability to read
                  | scrolls when taking damage. [a shining eye]
 61222 | Slime:5  | Lost mutation: You are weak. (Str -2) [potion of mutation]
 61222 | Slime:5  | Lost mutation: A frigid envelope surrounds you and freezes
                  | all who hurt you. [potion of mutation]
 61222 | Slime:5  | Lost mutation: You occasionally lose the ability to read
                  | scrolls when taking damage. [potion of mutation]
 61222 | Slime:5  | Gained mutation: You are occasionally teleported next to
                  | monsters. [potion of mutation]
 61222 | Slime:5  | Gained mutation: One of your tentacles bears a spike.
                  | [potion of mutation]
 61222 | Slime:5  | Gained mutation: You have a pair of small antennae on your
                  | head. [potion of mutation]
 61223 | Slime:5  | Lost mutation: You have a pair of small antennae on your
                  | head. [potion of mutation]
 61223 | Slime:5  | Lost mutation: You are occasionally teleported next to
                  | monsters. [potion of mutation]
 61223 | Slime:5  | Lost mutation: Your spells are a little easier to cast, but
                  | a little less powerful. [potion of mutation]
 61223 | Slime:5  | Gained mutation: Your mind is acute. (Int +4, Str/Dex -1)
                  | [potion of mutation]
 61223 | Slime:5  | Gained mutation: You occasionally lose the ability to drink
                  | potions when taking damage. [potion of mutation]
 61223 | Slime:5  | Gained mutation: You are clumsy. (Dex -2) [potion of
                  | mutation]
 61224 | Slime:5  | Lost mutation: You occasionally lose the ability to drink
                  | potions when taking damage. [potion of mutation]
 61224 | Slime:5  | Lost mutation: You are clumsy. (Dex -2) [potion of
                  | mutation]
 61224 | Slime:5  | Gained mutation: Your system is resistant to poisons.
                  | (rPois) [potion of mutation]
 61224 | Slime:5  | Gained mutation: You are partially covered in iridescent
                  | scales. (AC +2) [potion of mutation]
 61224 | Slime:5  | Gained mutation: You possess an exceptional clarity of
                  | mind. [potion of mutation]
 61377 | Slime:5  | Noticed the Royal Jelly
 61378 | Slime:5  | Found a viscous altar of Jiyva.
 61379 | Slime:5  | Found the +8 frozen axe "Frostbite" {freeze, freezing
                  | cloud, *Noise Fly rC+}
 61415 | Slime:5  | Killed the Royal Jelly
 61576 | Slime:5  | Identified the ring of Duag {rN+ Slay+2 SInv}
 61632 | Slime:5  | Identified the ring of the Queen {rPois Str+4}
 61651 | Slime:5  | Got a slimy rune of Zot
 62009 | Slime:5  | Identified the granite talisman of the Wilderness {rF+
                  | Dex+7}
 63263 | Hell     | Entered the Vestibule of Hell
 63263 | Hell     | Noticed Geryon
 63899 | Hell     | Killed Geryon
 63937 | Hell     | Found a gateway to the Iron City of Dis.
 63994 | Hell     | Found a gateway to the freezing wastes of Cocytus.
 64110 | Hell     | Found a gateway to the decaying netherworld of Tartarus.
 64158 | Hell     | Found a gateway to the ashen valley of Gehenna.
 65361 | Depths:1 | Killed dertzug's ghost
 65600 | Zot:1    | Entered Level 1 of the Realm of Zot
 67020 | Zot:2    | Identified the +7 quarterstaff of the Nice God {freeze,
                  | rElec Str+3 Int+3}
 67269 | Zot:2    | Noticed a dread lich
 67273 | Zot:2    | Killed a dread lich
 67670 | Zot:2    | Noticed a dread lich
 67675 | Zot:2    | Killed a dread lich
 67978 | Zot:2    | Found a corrupted altar of Lugonu.
 69421 | Zot:4    | Noticed an orb of fire
 69433 | Zot:4    | Killed an orb of fire
 70081 | Tomb:3   | Identified the "Wuedodih"
 70081 | Dis:1    | Entered Level 1 of the Iron City of Dis
 71617 | Dis:7    | Identified the "Beixteb"
 71617 | Dis:7    | Identified the "Besepp"
 71617 | Dis:7    | Identified the of Wegufuch
 71617 | Dis:7    | Entered Level 7 of the Iron City of Dis
 71933 | Dis:7    | Reached skill level 27 in Stealth
 72064 | Dis:7    | Noticed a juggernaut
 72072 | Dis:7    | Killed a juggernaut
 72203 | Dis:7    | Identified the staff "Ecly" {rN+ Str+3 Int+4 Necro}
 72532 | Dis:7    | Identified the staff of Integrity {rPois Str+3 Poison}
 72857 | Dis:7    | Noticed a juggernaut
 72860 | Dis:7    | Killed a juggernaut
 72927 | Dis:7    | Noticed a juggernaut
 72934 | Dis:7    | Killed a juggernaut
 72964 | Dis:7    | Noticed Dispater
 72973 | Dis:7    | Killed Dispater
 73003 | Dis:7    | Got an iron rune of Zot
 73518 | Tar:1    | Entered Level 1 of Tartarus
 74342 | Tar:3    | You fall into a shaft and drop 1 floor!
 75249 | Tar:7    | Entered Level 7 of Tartarus
 76002 | Tar:7    | Identified the ring "Xurioceo" {rPois rN+ Will- Str+6
                  | Stlth+}
 76007 | Tar:7    | Identified the +7 chain mail of Poor Excuses {rCorr}
 76023 | Tar:7    | Identified the +2 helmet of Servitude {rC+ rN++ rCorr
                  | Dex-3}
 76027 | Tar:7    | Identified the +2 quick blade of Ivoakhlu {freeze, +Blink
                  | Fly Str+5}
 76034 | Tar:7    | Identified the +3 dagger "Dona" {freeze, rC+ Dex+3 Stlth+}
 76079 | Tar:7    | Identified the +4 trident "Beetleslayer" {flame, rPois
                  | Dex+2}
 76198 | Tar:7    | Identified the +3 plate armour of the Boiling Point {Dex+3}
 76222 | Tar:7    | Identified the staff of Balance {rPois rF+ Fire}
 77244 | Tar:7    | Noticed Ereshkigal
 77378 | Tar:7    | Killed Ereshkigal
 77395 | Tar:7    | Got a bone rune of Zot
 78110 | Depths:3 | Bought a ring of protection from cold for 375 gold pieces
 78169 | Pan      | Entered Pandemonium
 78226 | Pan      | Lost mutation: Your mind is acute. (Int +4, Str/Dex -1) [a
                  | cacodemon]
 78238 | Pan      | Noticed Fylurph the pandemonium lord
 78253 | Pan      | Killed Fylurph the pandemonium lord
 78271 | Pan      | HP: 12/284 [Brimstone Fiend/damnation (44)]
 78672 | Pan      | Identified the ring of Isucs {rPois rC++}
 78754 | Pan      | Noticed Caaweipo the pandemonium lord
 78788 | Pan      | Killed Caaweipo the pandemonium lord
 79945 | Pan      | Gained mutation: Your body sometimes deteriorates upon
                  | taking damage. [a cacodemon]
 80208 | Pan      | Gained mutation: Your mind is acute. (Int +4, Str/Dex -1)
                  | [a cacodemon]
 80215 | Pan      | Noticed Zobraqo the pandemonium lord
 80220 | Pan      | Killed Zobraqo the pandemonium lord
 80707 | Pan      | Gained mutation: You are weak. (Str -2) [a cacodemon]
 80713 | Pan      | Noticed Niheun the pandemonium lord
 80717 | Pan      | Killed Niheun the pandemonium lord
 80949 | Pan      | Reached skill level 27 in Fighting
 81463 | Depths:3 | Escaped Pandemonium
 81572 | Hell     | Upgraded the game from 0.31-a0-1002-g8e65716e6e to
                  | 0.31-a0-1005-gfbdfbacc72
 81677 | Pan      | Entered Pandemonium
 81779 | Pan      | Noticed Niudamot the pandemonium lord
 81783 | Pan      | Killed Niudamot the pandemonium lord
 81797 | Pan      | Reached skill level 27 in Dodging
 82139 | Pan      | Reached skill level 27 in Unarmed Combat
 82241 | Pan      | Reached skill level 1 in Evocations
 82276 | Pan      | Found a transporter.
 82417 | Pan      | Found a transporter.
 82546 | Pan      | Identified the +6 war axe of Gozag's Pride {flame, rPois
                  | rC+ Str-3 Stlth+}
 82600 | Pan      | Lost mutation: Your body sometimes deteriorates upon taking
                  | damage. [a cacodemon]
 82882 | Pan      | Lost mutation: You possess an exceptional clarity of mind.
                  | [a neqoxec]
 82985 | Pan      | Paralysed by a Zot trap for 2 turns
 82994 | Pan      | Lost mutation: Your mind is acute. (Int +4, Str/Dex -1)
                  | [mutagenic glow]
 83007 | Pan      | Paralysed by accursed screaming for 1 turns
 83008 | Pan      | Gained mutation: You occasionally shout uncontrollably at
                  | your foes. [mutagenic glow]
 83014 | Pan      | Gained mutation: You passively map a small area around you.
                  | [mutagenic glow]
 83017 | Pan      | Gained mutation: You do not regenerate when monsters are
                  | visible. [mutagenic glow]
 83021 | Pan      | Gained mutation: Your spells are a little easier to cast,
                  | but a little less powerful. [mutagenic glow]
 83028 | Pan      | Lost mutation: You occasionally shout uncontrollably at
                  | your foes. [potion of mutation]
 83028 | Pan      | Lost mutation: You are vulnerable to cold. (rC-) [potion of
                  | mutation]
 83028 | Pan      | Lost mutation: Your system is resistant to poisons. (rPois)
                  | [potion of mutation]
 83028 | Pan      | Gained mutation: You occasionally lose the ability to read
                  | scrolls when taking damage. [potion of mutation]
 83028 | Pan      | Gained mutation: You are agile. (Dex +4, Str/Int -1)
                  | [potion of mutation]
 83029 | Pan      | Lost mutation: You are agile. (Dex +4, Str/Int -1) [potion
                  | of mutation]
 83029 | Pan      | Lost mutation: One of your tentacles bears a spike. [potion
                  | of mutation]
 83029 | Pan      | Lost mutation: You occasionally lose the ability to read
                  | scrolls when taking damage. [potion of mutation]
 83029 | Pan      | Lost mutation: You do not regenerate when monsters are
                  | visible. [potion of mutation]
 83029 | Pan      | Gained mutation: Your skin blends seamlessly with your
                  | surroundings (Stealth++). [potion of mutation]
 83029 | Pan      | Gained mutation: You are somewhat resistant to further
                  | mutation. [potion of mutation]
 83041 | Pan      | Identified the ring "Aphofaes" {rF+ Dex+3}
 83054 | Pan      | Identified the ring "Nadaisk" {rF+ Will+}
 83091 | Pan      | Entered the realm of Mnoleg.
 83097 | Pan      | Lost mutation: You are somewhat resistant to further
                  | mutation. [a cacodemon]
 83130 | Pan      | Gained mutation: You sometimes lose your temper in combat.
                  | [a cacodemon]
 83250 | Pan      | Gained mutation: You are vulnerable to cold. (rC-) [a
                  | neqoxec]
 83250 | Pan      | Gained mutation: Your body sometimes deteriorates upon
                  | taking damage. [a neqoxec]
 83255 | Pan      | Reached skill level 5 in Evocations
 83337 | Pan      | Noticed Mnoleg
 83345 | Pan      | Gained mutation: One of your tentacles bears a spike. [a
                  | neqoxec]
 83347 | Pan      | Killed Mnoleg
 83347 | Pan      | Gained mutation: Your spells are easier to cast, but less
                  | powerful. [a neqoxec]
 83350 | Pan      | Gained mutation: Your body often deteriorates upon taking
                  | damage. [a cacodemon]
 83353 | Pan      | Gained mutation: You occasionally lose the ability to read
                  | scrolls when taking damage. [a cacodemon]
 83363 | Pan      | Got a glowing rune of Zot
 83364 | Pan      | Lost mutation: One of your tentacles bears a spike. [potion
                  | of mutation]
 83364 | Pan      | Lost mutation: Your skin blends seamlessly with your
                  | surroundings (Stealth++). [potion of mutation]
 83364 | Pan      | Lost mutation: You passively map a small area around you.
                  | [potion of mutation]
 83364 | Pan      | Gained mutation: You are strong-willed. (Will+) [potion of
                  | mutation]
 83364 | Pan      | Gained mutation: You expend magic power (3 MP) to
                  | strengthen your wands. [potion of mutation]
 83365 | Pan      | Lost mutation: You are weak. (Str -2) [potion of mutation]
 83365 | Pan      | Lost mutation: You expend magic power (3 MP) to strengthen
                  | your wands. [potion of mutation]
 83365 | Pan      | Gained mutation: Your natural rate of healing is unusually
                  | fast. [potion of mutation]
 83365 | Pan      | Gained mutation: You are agile. (Dex +4, Str/Int -1)
                  | [potion of mutation]
 83365 | Pan      | Gained mutation: You are mostly covered in iridescent
                  | scales. (AC +4) [potion of mutation]
 83366 | Pan      | Lost mutation: You sometimes lose your temper in combat.
                  | [potion of mutation]
 83366 | Pan      | Lost mutation: Your body often deteriorates upon taking
                  | damage. [potion of mutation]
 83366 | Pan      | Lost mutation: You are strong-willed. (Will+) [potion of
                  | mutation]
 83366 | Pan      | Lost mutation: You are agile. (Dex +4, Str/Int -1) [potion
                  | of mutation]
 83366 | Pan      | Gained mutation: You are frail. (-10% HP) [potion of
                  | mutation]
 83366 | Pan      | Lost mutation: Your spells are easier to cast, but less
                  | powerful. [potion of mutation]
 83367 | Pan      | Lost mutation: Your natural rate of healing is unusually
                  | fast. [potion of mutation]
 83367 | Pan      | Lost mutation: Your spells are a little easier to cast, but
                  | a little less powerful. [potion of mutation]
 83367 | Pan      | Lost mutation: You are vulnerable to cold. (rC-) [potion of
                  | mutation]
 83367 | Pan      | Gained mutation: Your spells are a little harder to cast,
                  | but a little more powerful. [potion of mutation]
 83367 | Pan      | Lost mutation: You are mostly covered in iridescent scales.
                  | (AC +4) [potion of mutation]
 83368 | Pan      | Lost mutation: You are partially covered in iridescent
                  | scales. (AC +2) [potion of mutation]
 83368 | Pan      | Lost mutation: Your spells are a little harder to cast, but
                  | a little more powerful. [potion of mutation]
 83368 | Pan      | Gained mutation: Your magical capacity is low. (-10% MP)
                  | [potion of mutation]
 83368 | Pan      | Gained mutation: Your flesh is cold resistant. (rC+)
                  | [potion of mutation]
 83390 | Pan      | Gained mutation: Your spells are a little easier to cast,
                  | but a little less powerful. [a neqoxec]
 83390 | Pan      | Gained mutation: You are dopey. (Int -2) [a neqoxec]
 83393 | Pan      | Gained mutation: Your magical capacity is very low. (-20%
                  | MP) [a neqoxec]
 83395 | Pan      | Gained mutation: You occasionally shout uncontrollably at
                  | your foes. [a neqoxec]
 83435 | Pan      | Gained mutation: You occasionally lose the ability to drink
                  | potions when taking damage. [a neqoxec]
 83437 | Pan      | Lost mutation: Your spells are a little easier to cast, but
                  | a little less powerful. [a neqoxec]
 83444 | Pan      | Gained mutation: Your body often deteriorates upon taking
                  | damage. [a neqoxec]
 83445 | Pan      | Gained mutation: You are very dopey. (Int -4) [a neqoxec]
 83451 | Pan      | Identified the of Jidwil
 83451 | Pan      | Identified the of Wah Qeopn
 83451 | Pan      | Entered the realm of Cerebov.
 83986 | Pan      | Identified the ring "Dinuerule" {rF+ Str+2 Int+6}
 84206 | Pan      | Identified the amulet of the Mauling King {Acrobat -Cast
                  | Str+5 Dex+3 SInv}
 84223 | Pan      | Identified the +5 hand axe of Squeaky Tortfeasance {freeze,
                  | rF+ Dex-2 SInv}
 84305 | Pan      | Found the +6 sword of Cerebov {flame}
 84305 | Pan      | Noticed Cerebov
 84313 | Pan      | Identified the +2 rapier of Cemieh {holy, Will+ rCorr MP-9}
 84315 | Pan      | Identified the staff of Greed {rF+ rC+ Int+2 Dex+3 Fire}
 84332 | Pan      | Identified the +4 rapier of Indignation {freeze, *Slow
                  | +Blink rElec Will+}
 84389 | Pan      | Identified the +4 plate armour of Jigsaw {-Cast rElec rN+++
                  | Regen+}
 84416 | Pan      | Reached skill level 15 in Throwing
 84431 | Pan      | Killed Cerebov
 84542 | Pan      | Got a fiery rune of Zot
 84910 | Pan      | Lost mutation: You are very dopey. (Int -4) [a cacodemon]
 84956 | Pan      | Found an exit through the horrors of the Abyss.
 85135 | Pan      | Reached skill level 10 in Evocations
 85289 | Pan      | Identified the +7 battleaxe "Unusia" {venom, rC+ Str+2
                  | Int-2}
 85443 | Pan      | Noticed Qubat the pandemonium lord
 85451 | Pan      | Killed Qubat the pandemonium lord
 85474 | Pan      | Took an exit into the Abyss.
 85474 | Abyss:3  | Escaped into the Abyss
 85476 | Abyss:3  | Found a corrupted altar of Lugonu.
 85924 | Abyss:4  | Got an abyssal rune of Zot
 85959 | Depths:1 | Escaped the Abyss
 86100 | Geh:1    | Entered Level 1 of Gehenna
 88374 | Geh:6    | Reached skill level 15 in Evocations
 88575 | Geh:7    | Entered Level 7 of Gehenna
 88804 | Geh:7    | Noticed the Serpent of Hell
 88808 | Geh:7    | Killed the Serpent of Hell
 89563 | Geh:7    | Identified the +2 dire flail of the Fray {venom, Stlth+}
 89842 | Geh:7    | Identified the staff "Penaj" {rPois rC+ rCorr Int-5 Stlth+
                  | Ice}
 89893 | Geh:7    | Found the +13 sceptre of Asmodeus
 89893 | Geh:7    | Noticed Asmodeus
 89906 | Geh:7    | Killed Asmodeus
 89920 | Geh:7    | Got an obsidian rune of Zot
 90561 | Pan      | Entered the realm of Gloorx Vloq.
 90561 | Pan      | Entered Pandemonium
 91019 | Pan      | Identified the ring of Limodauh {Wiz rN+ Str+6}
 91397 | Pan      | Noticed Gloorx Vloq
 91413 | Pan      | Killed Gloorx Vloq
 91423 | Pan      | Got a dark rune of Zot
 91585 | Pan      | Entered the realm of Lom Lobon.
 92166 | Pan      | Identified the +9 long sword of the Hurling Gods {heavy,
                  | rPois rC++ Stlth+}
 92495 | Pan      | Found an exit through the horrors of the Abyss.
 92719 | Pan      | Noticed Lom Lobon
 92729 | Pan      | Killed Lom Lobon
 93025 | Pan      | Got a magical rune of Zot
 93561 | Pan      | Noticed a dread lich
 93580 | Pan      | Killed a dread lich
 93583 | Pan      | Found an opulent altar of Gozag.
 93583 | Pan      | Noticed Vusut the pandemonium lord
 93586 | Pan      | Found Vusut's Exquisite Manuscripts.
 93609 | Pan      | Killed Vusut the pandemonium lord
 93613 | Pan      | Noticed a dread lich
 93617 | Pan      | Killed a dread lich
 93618 | Pan      | Noticed a dread lich
 93623 | Pan      | Killed a dread lich
 93628 | Pan      | Found an opulent altar of Gozag.
 93630 | Pan      | Bought 2 scrolls of blinking for 270 gold pieces
 93630 | Pan      | Bought 2 scrolls of revelation for 270 gold pieces
 93630 | Pan      | Bought a scroll of teleportation for 54 gold pieces
 93651 | Pan      | Found Vusut's Fine Accessories.
 93801 | Pan      | Found Vusut's Demonic Rune Supply.
 93804 | Pan      | Found an opulent altar of Gozag.
 93812 | Pan      | Found Vusut's Superb Hardware.
 93854 | Pan      | Bought a demonic rune of Zot for 6572 gold pieces
 93862 | Pan      | Bought a wand of polymorph (4) for 117 gold pieces
 93862 | Pan      | Bought a wand of polymorph (3) for 88 gold pieces
 93862 | Pan      | Bought a wand of digging (6) for 529 gold pieces
 93862 | Pan      | Bought a wand of charming (6) for 302 gold pieces
 93862 | Pan      | Bought a wand of acid (4) for 352 gold pieces
 93862 | Pan      | Bought a wand of charming (7) for 352 gold pieces
 93862 | Pan      | Bought a wand of digging (4) for 352 gold pieces
 93862 | Pan      | Bought a wand of polymorph (5) for 147 gold pieces
 93862 | Pan      | Bought a wand of charming (3) for 151 gold pieces
 93872 | Orc:2    | Escaped Pandemonium
 94193 | Coc:1    | Entered Level 1 of Cocytus
 94203 | Coc:1    | Noticed a dread lich
 94214 | Coc:1    | Killed a dread lich
 94871 | Zot:5    | Entered Level 5 of the Realm of Zot
 95415 | Zot:5    | Noticed a dread lich
 95415 | Zot:5    | Noticed an ancient lich
 95416 | Zot:5    | Noticed an orb of fire
 95417 | Zot:5    | Noticed an ancient lich
 95428 | Zot:5    | Noticed an ancient lich
 95434 | Zot:5    | Killed an ancient lich
 95435 | Zot:5    | Killed an orb of fire
 95454 | Zot:5    | Killed an ancient lich
 95456 | Zot:5    | Reached skill level 27 in Evocations
 95488 | Zot:5    | Noticed an ancient lich
 95492 | Zot:5    | Reached skill level 1 in Spellcasting
 95492 | Zot:5    | Reached skill level 1 in Fire Magic
 95494 | Zot:5    | Killed an ancient lich
 95545 | Zot:5    | Noticed a dread lich
 95556 | Zot:5    | Killed a dread lich
 95560 | Zot:5    | Noticed an ancient lich
 95564 | Zot:5    | Killed an ancient lich
 95679 | Zot:5    | Noticed an orb of fire
 95683 | Zot:5    | Killed an orb of fire
 95687 | Zot:5    | Reached skill level 5 in Fire Magic
 95691 | Zot:5    | a Killer Klown changed into a juggernaut
 95691 | Zot:5    | Noticed a juggernaut
 95692 | Zot:5    | Noticed a dread lich
 95694 | Zot:5    | Noticed an ancient lich
 95695 | Zot:5    | Killed a dread lich
 95697 | Zot:5    | Killed a dread lich
 95698 | Zot:5    | Reached skill level 5 in Spellcasting
 95699 | Zot:5    | Killed an ancient lich
 95701 | Zot:5    | Killed an ancient lich
 95706 | Zot:5    | Killed a juggernaut
 96992 | Coc:2    | Paralysed by a wendigo for 1 turns
 97044 | Coc:2    | Paralysed by a wendigo for 1 turns
 97631 | Zot:5    | Got the Orb of Zot
 97864 | Depths:3 | Noticed Anohokh the pandemonium lord
 97880 | Depths:3 | Killed Anohokh the pandemonium lord
 98254 | D:6      | Noticed Qoduid the pandemonium lord
 98264 | D:6      | Killed Qoduid the pandemonium lord
 98700 | D:$      | Escaped with the Orb!

Illustrated notes

Levels and vault maps discovered:
D:1:      wheals_arrival_shading, layout_basic
D:2:      layout_basic, minmay_curled_crystal, grunt_ministairs_2,
          kennysheep_generic_room_4
D:3:      layout_loops_ring, ebering_ghost_inner_flame,
          mainiacjoe_sewer_entry_somewhere_in_here_2, roderic_serpentine_path,
          uniq_natasha, uniq_sigmund
D:4:      layout_gridville, grunt_temple_overflow_holy_war,
          minmay_temple_entry_mini_moons, serial_shops, shop
D:5:      layout_gridville, nicolae_dithmenos_shadow_blocks,
          nemelex_spade_bored_becter, ebering_ghost_sewer_d, chequers_jeans,
          nicolae_zig_zag_zippers
D:6:      layout_basic, nzn_hepliaklqana_mist_gate, enter_ossuary_1,
          grunt_decor_resistance, kennysheep_generic_room_14
D:7:      layout_basic, minitemple, chequers_serial_rivers_small_a, uniq_joseph
D:8:      minmay_skewed_foursquare, layout_cave_pools, serial_shops,
          nicolae_shop_mannequins, uniq_maurice, uniq_erica, uniq_prince_ribbit1
D:9:      layout_irregular_city
D:10:     layout_gridville, bloody_makhleb, due_lair_maze_entry_diamond
D:11:     layout_long_grid, hangedman_decor_peaks_small,
          minmay_misc_feat_ornament, uniq_harold, uniq_josephine, uniq_psyche
D:12:     evilmike_horseshoe, layout_irregular_city, orc_0_dummy, minivault_20,
          minivault_27, zin_statuary
D:13:     layout_gridville, gammafunk_ghost_wrathful_warriors,
          nicolae_concentric_dashed_squares_wild
D:14:     minmay_slanted_spiral_squares, layout_loops_ring,
          hellmonk_vaults_keyhole, serial_library_hellmonk_angled_corner
D:15:     grunt_enter_depths_snipers, layout_stronghold,
          nicolae_concentric_dashed_squares_mild, uniq_nessos, uniq_agnes
Temple:   nicolae_temple_bog_church
Lair:1:   layout_cave_pods, infiniplex_staircase_pool_2, grunt_megastairs_4
Lair:2:   layout_long_grid, minmay_snake_entry_guardpost_small,
          infiniplex_staircase_pool
Lair:3:   layout_chaotic_city, nicolae_shoals_entry_roost, uniq_kirke
Lair:4:   layout_cave_pods, grunt_megastairs_1, lemuel_fruit_fields,
          serial_bayou_shore_b
Lair:5:   gammafunk_lair_ancient_temple, layout_loops_ring,
          nicolae_slime_entry_slimehenge
Shoals:1: layout_shoals, serial_shops, shop, uniq_mlioglotl, uniq_aizul
Shoals:2: layout_shoals, nicolae_shoals_bring_sunscreen, uniq_jorgrun,
          uniq_ilsuiw
Shoals:3: layout_shoals, hellmonk_ghost_happy_afterlife
Shoals:4: shoals_end_grunt_ice, layout_shoals, shoals_ilsuiw_ice, uniq_donald
Snake:1:  layout_rooms, minmay_shoptagon, uniq_asterion, uniq_nikola
Snake:2:  layout_onion, ebering_ghost_disaster_area, serial_bayou_pond_c,
          uniq_azrael, uniq_louise, uniq_vashnia
Snake:3:  layout_onion_interference, uniq_roxanne
Snake:4:  snake_pit_salamanders_mu, layout_misc_corridors
Slime:1:  layout_caves
Slime:2:  nicolae_slime_pool, layout_caves, special_room [special_room_jelly],
          nicolae_slime_crime_time
Slime:3:  nicolae_slime_jelly_donut, layout_caves, uniq_dissolution
Slime:4:  layout_caves
Slime:5:  slime_pit_nicolae_block_by_block
Orc:1:    layout_diamond_mine, gammafunk_ghost_split,
          chequers_guarded_unrand_ignorance
Orc:2:    pf_orc_diabolical, layout_caves, ebering_ghost_xom, enter_volcano_2
Elf:1:    nicolae_elf_arrival_aired_out, layout_loops_corners,
          minmay_elf_annihilation, uniq_frances
Elf:2:    nicolae_elf_blades_crystal_corner, layout_rooms,
          portal_ice_cave_entry_frozen_things, basic_altar,
          lemuel_upstairs_altar
Elf:3:    minmay_elf_hall_circle, layout_geoelf_octagon, serial_shops,
          nicolae_shop_rolling_square, shop_fountains, shop, shop,
          nicolae_shop_tiny_waterfront, amcnicky_mini_pool_small
Vaults:1: ontoclasm_vaults_tryst, nicolae_vaults_little_squares_6,
          nicolae_vaults_trapezoid_1, vaults_room_grunt_arrival_checkpoint,
          layout_vaults_omnigrid
Vaults:2: nicolae_vaults_more_shelving_1, v_misc_25, v_misc_29,
          hangedman_vaults_slice, minmay_crypt_entry_necro_gods,
          minmay_orc_keep, grunt_vaults_swirl, hangedman_vaults_maws,
          nicolae_vaults_diamond_2, nicolae_vaults_theta,
          ontoclasm_vaults_misaligned, nicolae_vaults_rhombus_5,
          vaults_room_hallway, grunt_vaults_hallway_short, layout_vaults_ring,
          uniq_sojobo
Vaults:3: ebering_ghost_xom, nicolae_vaults_diamond_1, vaults_room_door_ring,
          v_misc_5, vaults_room_door_ring, nicolae_vaults_diamond_1,
          nicolae_vaults_sesquioval_fish, ontoclasm_vaults_misaligned,
          hangedman_vaults_maws, ontoclasm_vaults_loading_screen,
          vaults_mumra_hex, ontoclasm_vaults_chip, layout_vaults_maze_snakey
Vaults:4: hangedman_vaults_nails, nicolae_vaults_tetromino_T_1,
          vaults_room_stairs_pillars, nicolae_vaults_ninety_degrees,
          grunt_vaults_hallway_long, grunt_vaults_diagonal,
          dpeg_vaults_monster_row, nicolae_vaults_sesquioval_fish,
          vaults_dpeg_diagonal, nicolae_vaults_six-pack, vaults_dpeg_ring,
          layout_vaults_chaotic_city, uniq_saint_roka
Vaults:5: uniq_boris
Crypt:1:  layout_regular_city, serial_library_hellmonk_octagon,
          grunt_crypt_arrival_guarded_gate, uniq_grunn
Crypt:2:  layout_regular_city, basic_altar, nicolae_crypt_stairs_room,
          grunt_megastairs_3
Crypt:3:  evilmike_haunted_forest
Depths:1: layout_gridville, abyss_entry, hellmouth_1, kennysheep_donut,
          pan_entry, grunt_ministairs_12, nicolae_yredelemnul_ghost_church,
          minmay_shop_star
Depths:2: hangedman_cross_cluster, layout_basic, grunt_hell_horde,
          nicolae_uskayaw_en_pointe, rand_demon_pan_entry_7, firewood_loft,
          uniq_vv
Depths:3: hellmonk_ruined_rings, layout_gridville, enter_ziggurat_c,
          serial_shops, shop, minmay_crystal_water,
          nicolae_abyss_entry_one_way_or_another, pan_entry, hell_entry,
          minmay_crystal_box, infiniplex_staircase_pool_lava,
          serial_bayou_shore_b, minmay_shop_grove
Depths:4: evilmike_zot_entry_diamond, layout_gridlike, hell_entry,
          chequers_serial_rivers_micro_b, serial_shops,
          nicolae_shop_industrial_runoff, nicolae_shop_peninsula, abyss_entry,
          minmay_checkered_concentric_circles, uniq_margery, uniq_josephina
Hell
Dis:1:    layout_overlapping_boxes
Dis:2:    layout_gridville
Dis:3:    layout_jigsaw, nicolae_dis_bowling_alley
Dis:4:    layout_subdivisions
Dis:5:    layout_jigsaw
Dis:6:    layout_overlapping_boxes
Dis:7:    dis_grunt_layers
Geh:1:    layout_gehenna_pools_triple, lemuel_flamethrower_2
Geh:2:    layout_gehenna_pools_basic, hangedman_elemental_grid_stream
Geh:3:    layout_gehenna_lava_caves
Geh:4:    nicolae_geh_i_lava_good_maze [nicolae_geh_lavamaze_diaghalf_recurse,
          nicolae_geh_lavamaze_diaghalf_recurse]
Geh:5:    layout_gehenna_pools_basic
Geh:6:    hangedman_generic_boss_arena
Geh:7:    geh_grunt_pentagon
Coc:1:    layout_cocytus_water_paths
Coc:2:    layout_ice_bergs, serial_ice, serial_ice_c, serial_ice_f
Tar:1:    layout_catacombs, nicolae_tar_cuneiform_oil
Tar:2:    layout_cathedral_of_symmetry
Tar:3:    layout_grid_maze
Tar:4:    layout_catacombs, nicolae_tar_cuneiform_three
Tar:5:    layout_grid_maze, nicolae_tar_just_some_guys
Tar:6:    layout_cathedral_of_symmetry, nicolae_tar_cuneiform_oil
Tar:7:    tar_mu [tar_mu_maze]
Zot:1:    lemuel_acid_trip, layout_onion_interference
Zot:2:    hangedman_snap_crack_crunch, layout_cathedral_of_symmetry,
          regret_index_zotdec_abyssal_contain_seething_sorcery
Zot:3:    layout_gridlike
Zot:4:    layout_cellular_growth, st_stairs_13
Zot:5:    layout_gridlike

Skill      XL: |  1  2  3  4  5  6  7  8  9 10 11 12 13 14 15 16 17 18 19 20 21 22 23 24 25 26 27 |
---------------+----------------------------------------------------------------------------------+-----
Stealth        | 1 2 4 5 7 8 9 11 12 13 15 16 18 19 20 21 27 | 27.0
Shapeshifting  | 4 5 6 7 8 10 11 12 13 16 17 18 19 20 25 | 25.0
Fighting       | 3 4 6 7 9 10 11 12 14 15 16 17 18 19 20 27 | 27.0
Dodging        | 3 5 6 8 9 10 11 13 14 15 16 17 18 19 20 27 | 27.0
Unarmed Combat | 4 5 6 8 9 10 11 13 14 15 16 17 18 19 27 | 27.0
Invocations    | 2 4 7 8 9 10 11 12 14 | 14.9
Shields        | 6 11 12 13 14 18 | 18.0
Throwing       | 4 8 11 19 | 19.0
Evocations     | 27 | 27.0
Spellcasting   | 7 |  7.8
Fire Magic     | 8 |  8.4

Action                     |  1- 3 |  4- 6 |  7- 9 | 10-12 | 13-15 | 16-18 | 19-21 | 22-24 | 25-27 || total
---------------------------+-------+-------+-------+-------+-------+-------+-------+-------+-------++-------
  Melee: Unarmed           |    42 |     8 |   151 |   378 |   635 |   699 |   714 |   857 |  4555 ||  8039
         Constrict         |    16 |    13 |    67 |    82 |   142 |   160 |   126 |   145 |   563 ||  1314
         Tentacles         |     8 |    12 |    73 |    30 |       |       |   203 |   232 |  1146 ||  1704
         Punch             |     2 |     5 |    23 |     4 |       |       |   104 |   123 |   798 ||  1059
         Dagger            |    14 |    61 |   141 |     6 |       |       |    80 |       |       ||   302
         Kick              |       |       |       |       |       |       |       |       |  1001 ||  1001
  Throw: Javelin           |       |       |       |       |       |       |       |     2 |     6 ||     8
         Throwing net      |       |       |       |       |       |       |       |       |     5 ||     5
 Invoke: Slouch            |       |       |       |       |       |     2 |       |     4 |    14 ||    20
         Step From Time    |       |       |       |       |       |     1 |       |     2 |     2 ||     5
  Evoke: Wand              |       |       |       |       |     6 |       |       |       |    10 ||    16
         Condenser vane    |       |       |       |       |       |       |       |     1 |       ||     1
         Phantom mirror    |       |       |       |       |       |       |       |       |     1 ||     1
    Use: Scroll            |     6 |     4 |     9 |     9 |     9 |    13 |     3 |    20 |    17 ||    90
         Potion            |       |     1 |     9 |       |     2 |    12 |     1 |     9 |    23 ||    57
   Stab: Sleeping          |    11 |     4 |    22 |    18 |    36 |    19 |    23 |    37 |   149 ||   319
         Distracted        |       |       |     2 |     2 |     4 |     6 |     6 |    14 |   130 ||   164
         Invisible         |       |       |     1 |       |       |       |     1 |       |       ||     2
         Confused          |       |       |       |       |       |       |       |     1 |       ||     1
 Armour: Skin              |    21 |    45 |   157 |   223 |   424 |   383 |   381 |   389 |  1313 ||  3336
  Dodge: Dodged            |    27 |    28 |   192 |   505 |   917 |  1311 |  1696 |  1719 |  5975 || 12370
  Block: Tower shield      |       |       |       |       |       |       |  1301 |  1888 |  8794 || 11983
         Kite shield       |       |       |       |       |       |       |       |    56 |       ||    56
         Reflection        |       |       |       |       |       |       |       |    16 |    48 ||    64
   Form: Beast             |       |       |     1 |       |       |       |       |       |       ||     1
         Flux              |       |       |     1 |       |       |       |       |       |       ||     1
         Anaconda          |       |       |       |     1 |     1 |       |       |       |       ||     2
         Blade             |       |       |       |       |     1 |       |       |       |       ||     1
         Statue            |       |       |       |       |       |       |     1 |       |     1 ||     2

Table legend: (Time is in decaauts)
 A = Elapsed time spent in this place.
 B = Non-inter-level travel time spent in this place.
 C = Inter-level travel time spent in this place.
 D = Time resting spent in this place.
 E = Time spent auto-exploring this place.
 F = Levels seen in this place.
 G = Mean time per level.
                   A        B        C        D        E       F      G
               +--------+--------+--------+--------+--------+-----+--------+
         Total | 222524 | 180626 |  41898 |  17043 | 100650 | 100 | 2225.2 |
       Dungeon |  30684 |  20733 |   9951 |   2434 |  13768 |  15 | 2045.6 |
        Temple |     12 |      3 |      9 |      0 |      0 |   1 |   12.0 |
          Lair |  12692 |   9954 |   2738 |    871 |   7312 |   5 | 2538.4 |
        Shoals |  12151 |  10873 |   1278 |    933 |   7130 |   4 | 3037.8 |
     Snake Pit |   9909 |   9141 |    768 |    669 |   6175 |   4 | 2477.2 |
    Slime Pits |  11684 |  10581 |   1103 |    391 |   6801 |   5 | 2336.8 |
  Orcish Mines |   6751 |   4395 |   2356 |   1089 |   1854 |   2 | 3375.5 |
   Elven Halls |  10218 |   8162 |   2056 |    775 |   5316 |   3 | 3406.0 |
        Vaults |  18075 |  14557 |   3518 |   1850 |   9049 |   5 | 3615.0 |
         Crypt |   8970 |   8181 |    789 |     31 |   5549 |   3 | 2990.0 |
        Depths |  18971 |  11532 |   7439 |   1518 |   7494 |   4 | 4742.8 |
          Hell |   2495 |   1144 |   1351 |      0 |    660 |   1 | 2495.0 |
           Dis |   7188 |   5747 |   1441 |    568 |   1748 |   7 | 1026.9 |
       Gehenna |   9752 |   8831 |    921 |   1759 |   3655 |   7 | 1393.1 |
       Cocytus |   2188 |   1933 |    255 |    481 |   1101 |   2 | 1094.0 |
      Tartarus |  10451 |   8141 |   2310 |    630 |   3199 |   7 | 1493.0 |
           Zot |  17334 |  13727 |   3607 |    105 |  10614 |   5 | 3466.8 |
         Abyss |   2164 |   2164 |      0 |     97 |    527 |   4 |  541.0 |
   Pandemonium |  27109 |  27109 |      0 |   1758 |   8477 |  12 | 2259.1 |
         Sewer |    195 |    195 |      0 |     56 |     58 |   1 |  195.0 |
       Ossuary |    694 |    694 |      0 |    164 |     10 |   1 |  694.0 |
      Ice Cave |   1021 |   1021 |      0 |      0 |      0 |   1 | 1021.0 |
       Volcano |   1808 |   1808 |      0 |    859 |    146 |   1 | 1808.0 |
               +--------+--------+--------+--------+--------+-----+--------+

Top non-repeatable levels by time:
Depths:2: 7731 daAuts
   Tar:7: 6222 daAuts
    D:14: 5041 daAuts
   Zot:1: 4913 daAuts
 Crypt:3: 4547 daAuts
   Zot:2: 4403 daAuts
 Snake:2: 4383 daAuts
 Slime:5: 4260 daAuts
Depths:4: 4191 daAuts
Vaults:4: 4180 daAuts
   Geh:7: 4125 daAuts
Vaults:2: 4024 daAuts
Shoals:4: 4016 daAuts
   Dis:7: 3956 daAuts
Vaults:1: 3725 daAuts
